 Dungeon Crawl Stone Soup version 0.30-a0-919-g9323dee000 (webtiles) character file.

Game seed: 10185972331671602958

4877 Ijustatesigmund the Thaumaturge (level 10, -4/54 HPs)
             Began as a Deep Elf Fire Elementalist on Mar 21, 2023.
             Was a Follower of Cheibriados.
             Slain by a two-headed ogre
             ... wielding a +0 giant spiked club
              (9 damage)
             ... on level 9 of the Dungeon.
             The game lasted 00:35:43 (13639 turns).

Ijustatesigmund the Thaumaturge (DEFE)             Turns: 13639, Time: 00:35:43

Health: -4/54      AC: 15    Str:  8    XL:     10   Next: 26%
Magic:  7/25       EV: 15    Int: 28    God:    Cheibriados [*.....]
Gold:   2804       SH:  7    Dex: 24    Spells: 14/28 levels left

rFire   + . .      SeeInvis .    n - +1 sling (flame)
rCold   + . .      Faith    .    y - +1 buckler
rNeg    . . .      Spirit   .    a - +2 robe {rC+}
rPois   .          Reflect  .    k - +1 helmet
rElec   .          Rampage  .    s - +1 cloak
rCorr   .                        d - +2 pair of gloves
Will    +....                    q - +3 pair of mountain boots {steadfast, rC+}
Stlth   +++                      t - amulet of regeneration
HPRegen 1.09/turn                f - ring of fire
MPRegen 0.19/turn                C - +6 ring of dexterity

@: freezing walls, very slow
A: no striking features
a: Renounce Religion, Bend Time


You were on level 9 of the Dungeon.
You worshipped Cheibriados.
Cheibriados was aware of your devotion.
You visited 2 branches of the dungeon, and saw 10 of its levels.
You also visited: Bailey.

You collected 2804 gold pieces.

Inventory:

Hand Weapons
 h - a +0 short sword
 n - a +1 sling of flaming (weapon)
 w - the +2 whip of Equilibrium {protect, rN+ Will+ Str-2 Dex+3}
   (You found it on level 5 of the Dungeon)

   Str:       It affects your strength (-2).
   Dex:       It affects your dexterity (+3).
   rN:        It protects you from negative energy.
   Will:      It increases your willpower.
Armour
 a - a +2 robe of cold resistance (worn)
 d - a +2 pair of gloves (worn)
 k - a +1 helmet (worn)
 q - the +3 pair of mountain boots (worn) {steadfast, rC+}
   (You acquired it on level 4 of the Dungeon)

   Steadfast: It prevents involuntary movement, except for blinking,
   teleportation, or banishment.
   rC:        It protects you from cold.
 s - a +1 cloak (worn)
 y - a +1 buckler (worn)
 E - a +2 robe of willpower
Jewellery
 f - a ring of fire (left hand)
 t - an amulet of regeneration (around neck)
 C - a +6 ring of dexterity (right hand)
Wands
 r - a wand of polymorph (10)
 u - a wand of iceblast (7)
Scrolls
 j - 3 scrolls of immolation
 z - 2 scrolls of teleportation
 A - 3 scrolls of enchant weapon
 D - a scroll of fog
Potions
 b - 3 potions of magic
 c - a potion of attraction
 e - a potion of heal wounds
 g - 3 potions of lignification
 i - a potion of haste
 l - 6 potions of might
 m - 5 potions of curing
 o - 3 potions of berserk rage
 p - 3 potions of brilliance {unknown}
 x - a potion of flight {unknown}
 B - a potion of invisibility {unknown}


   Skills:
 - Level 2.7 Fighting
 - Level 4.4 Ranged Weapons
 - Level 5.2 Dodging
 - Level 2.4 Stealth
 - Level 3.0 Shields
 + Level 9.5 Spellcasting
 - Level 5.9 Conjurations
 - Level 4.0 Translocations
 + Level 8.2 Fire Magic
 - Level 3.6 Ice Magic
 + Level 4.2 Invocations
 - Level 2.0 Evocations


You had 14 spell levels left.
You knew the following spells:

 Your Spells              Type           Power      Damage    Failure   Level
a - Foxfire               Conj/Fire      100%       2x1d9     1%          1
b - Scorch                Fire           100%       2d10      1%          2
c - Frozen Ramparts       Ice            66%        1d10      3%          3
d - Hailstorm             Conj/Ice       40%        3d10      2%          3
e - Flame Wave            Conj/Fire      68%        2d15      3%          4
f - Apportation           Tloc           70%        N/A       1%          1

Your spell library contained the following spells:

 Spells                   Type           Power      Damage    Failure   Level
 Freeze                   Ice            100%       1d10      1%          1
 Static Discharge         Conj/Air       58%        2-5/arc   2%          2
 Inner Flame              Hex/Fire       53%        N/A       3%          3
 Kindle Blastsparks       Fire/Tloc/Air  100%       2d18      3%          3
 Necrotise                Necr           52%        1d6       5%          1
 Summon Small Mammal      Summ           52%        N/A       5%          1
 Vhi's Electric Charge    Tloc/Air       48%        N/A       8%          3
 Call Canine Familiar     Summ           13%        N/A       17%         3
 Summon Guardian Golem    Hex/Summ       13%        N/A       17%         3
 Plasma Beam              Fire/Air       26%        2x1d42    28%         5
 Arcjolt                  Conj/Air       14%        1d24      41%         5


Dungeon Overview and Level Annotations

Branches:
Dungeon (9/15)             Temple (1/1) D:7          Bailey (visited)
   Lair: D:8-11         Orc: D:9-12

Altars:
Ashenzari
Cheibriados
Dithmenos
Elyvilon
Fedhas
Gozag
Hepliaklqana
Kikubaaqudgha
Makhleb
Nemelex Xobeh
Okawaru
Qazlal
Ru
Trog
Uskayaw
Vehumet
Wu Jian
Xom
Yredelemnul
Zin
The Shining One

Shops:
D:4 :


Message History

Aiming: Mindburst
Press: ? - help, Shift-Dir - straight line, f - two-headed ogre
Aim: a two-headed ogre, wielding two +0 giant spiked clubs (lightly wounded, more vulnerable to fire, chance to affect: 57%)
The two-headed ogre resists with significant effort.
The now-empty wand crumbles to dust.
The two-headed ogre is no longer more vulnerable to fire.
The two-headed ogre barely misses you.
The two-headed ogre completely misses you.
Okay, then.
Casting: Scorch (safe; 1% risk of failure)
Confirm with . or Enter, or press ? or * to list all spells.
Casting: Frozen Ramparts (dangerous; 3% risk of failure)
Press: ? - help, Dir - look around, f - activate The walls around you are covered in ice.
The wall freezes the two-headed ogre.
The two-headed ogre barely misses you. The two-headed ogre closely misses you.
Casting: Frozen Ramparts (dangerous; 3% risk of failure)
Confirm with . or Enter, or press ? or * to list all spells.
You feel a surge of power!
Flames lash the two-headed ogre.
The two-headed ogre is heavily wounded.
The two-headed ogre's fire resistance burns away.
The wall freezes the two-headed ogre but does no damage.
The two-headed ogre hits you with a +0 giant spiked club!!
The two-headed ogre completely misses you.
The wall freezes the two-headed ogre.
You block the two-headed ogre's attack. The two-headed ogre barely misses you.
Casting: Scorch (safe; 1% risk of failure)
Confirm with . or Enter, or press ? or * to list all spells.
You feel a surge of power!
Flames lash the two-headed ogre.
The two-headed ogre is burned terribly!
The two-headed ogre is severely wounded.
The wall freezes the two-headed ogre but does no damage.
You block the two-headed ogre's attack.
The two-headed ogre completely misses you.
You feel yourself speed up.
The wall freezes the two-headed ogre.
The two-headed ogre hits you with a +0 giant spiked club!
* * * LOW HITPOINT WARNING * * *
The two-headed ogre hits you with a +0 giant spiked club!
You die...

#..#.......#### ......
#........#...# ......###
#.....##.....
......#.######.... .....#
.................###....#
........>.....##<.##.)..#
........# #..........)...
...>!)).####.........)..#
.......O@....##.###.##))#
.......)............##.)#
.#[.........##....#.###.)
............#.....#...#.)
##.##.#.##.###..........)
.. #....... #...........
. #.###................
.. .. ....#............
.. #... .........


You could see a two-headed ogre (combustible).

Vanquished Creatures
  An ugly thing (D:9)
  Psyche (D:9)
  A wraith (D:9)
  A wyvern (D:7)
  Menkaure (D:6)
  Edmund (D:5)
  4 orc warriors
  2 black bears (D:5)
  3 ice beasts
  3 ogres
  A centaur (D:8)
  2 phantoms
  2 kobold brigands
  A bullfrog (D:8)
  4 scorpions
  3 gnoll sergeants
  10 wights
  3 killer bees (D:9)
  5 howler monkeys
  3 hounds
  4 orc priests
  2 jellies (D:6)
  4 iguanas
  A sleepcap (D:6)
  4 orc wizards
  Robin (D:2)
  14 gnolls
  10 adders
  A white imp (D:5)
  A worm (D:4)
  2 dart slugs
  36 orcs
  3 bats (D:1)
  4 endoplasms
  2 giant cockroaches
  16 goblins
  13 hobgoblins
  14 jackals
  9 kobolds
  5 quokkas
  5 ball pythons
  5 frilled lizards
  6 rats
214 creatures vanquished.

Vanquished Creatures (others)
  111 foxfires
111 creatures vanquished.

Grand Total: 325 creatures vanquished

Notes
Turn   | Place    | Note
-------+----------+-------------------------------------------
     0 | D:1      | Ijustatesigmund the Deep Elf Fire Elementalist began the
                  | quest for the Orb.
     0 | D:1      | Reached XP level 1. HP: 10/10 MP: 6/6
   227 | D:1      | Reached XP level 2. HP: 15/15 MP: 2/8
   238 | D:1      | Learned a level 2 spell: Scorch
  1128 | D:1      | Reached XP level 3. HP: 19/19 MP: 8/10
  1461 | D:2      | Found a faded altar of an unknown god.
  1479 | D:2      | Noticed Robin
  1483 | D:2      | Reached skill level 4 in Spellcasting
  1636 | D:2      | Killed Robin
  2121 | D:2      | Reached XP level 4. HP: 24/24 MP: 10/12
  2443 | D:2      | Learned a level 3 spell: Frozen Ramparts
  2983 | D:3      | Reached skill level 1 in Ice Magic
  3094 | D:3      | Identified a scroll of acquirement
  3094 | D:3      | Acquired 1053 gold pieces
  3377 | D:3      | Found a radiant altar of Vehumet.
  3381 | D:3      | Noticed an ogre
  3392 | D:3      | Killed an ogre
  3393 | D:3      | Reached XP level 5. HP: 28/28 MP: 5/13
  3727 | D:3      | Found a hide-covered altar of Uskayaw.
  3730 | D:3      | Noticed a +0 hand axe
  3730 | D:3      | Noticed a +0 dagger
  3925 | D:3      | Found a shadowy altar of Dithmenos.
  4311 | D:4      | Reached skill level 1 in Ranged Weapons
  4329 | D:4      | Found Utrenen's Tremendous Tomes.
  4424 | D:4      | Acquired the +3 pair of mountain boots {steadfast, rC+}
  4424 | D:4      | Found the +3 pair of mountain boots {steadfast, rC+}
  4455 | D:4      | Reached skill level 1 in Fighting
  4455 | D:4      | Reached XP level 6. HP: 34/34 MP: 8/14
  4935 | D:4      | Reached skill level 5 in Spellcasting
  5215 | D:4      | Acquired 978 gold pieces
  5639 | D:5      | Entered Level 5 of the Dungeon
  5660 | D:5      | Reached XP level 7. HP: 14/38 MP: 8/17
  5866 | D:5      | Reached skill level 5 in Fire Magic
  5944 | D:5      | Noticed Edmund
  5957 | D:5      | Killed Edmund
  6301 | D:5      | Learned a level 3 spell: Hailstorm
  6316 | D:5      | Identified the +2 whip of Equilibrium {protect, rN+ Will+
                  | Str-2 Dex+3}
  6342 | D:5      | Reached skill level 6 in Spellcasting
  6342 | D:5      | Reached XP level 8. HP: 32/44 MP: 3/19
  6836 | D:5      | Found an opulent altar of Gozag.
  7263 | D:5      | Reached skill level 5 in Conjurations
  7802 | D:5      | Reached skill level 7 in Spellcasting
  8305 | D:6      | Reached skill level 5 in Dodging
  9165 | D:6      | Reached skill level 1 in Shields
  9165 | D:6      | Reached XP level 9. HP: 49/49 MP: 17/22
  9208 | D:6      | Noticed Menkaure
  9215 | D:6      | Killed Menkaure
  9510 | D:7      | Found a staircase to the Ecumenical Temple.
  9743 | D:7      | Found a flagged portal.
  9757 | Bailey   | Entered a bailey
  9764 | Bailey   | Learned a level 4 spell: Flame Wave
  9880 | Bailey   | Learned a level 1 spell: Apportation
  9894 | Bailey   | Reached skill level 1 in Translocations
 10211 | Bailey   | Noticed an orc knight
 10242 | Bailey   | Noticed an orc knight
 10243 | Bailey   | Noticed an orc knight
 10247 | Bailey   | Noticed an orc knight
 10492 | D:7      | Found an iron altar of Okawaru.
 10521 | D:6      | Found a shimmering altar of Xom.
 11463 | Temple   | Entered the Ecumenical Temple
 11641 | Temple   | Became a worshipper of Cheibriados the Contemplative
 11676 | D:8      | Reached skill level 1 in Evocations
 12224 | D:8      | Reached skill level 1 in Invocations
 12230 | D:8      | Reached skill level 8 in Spellcasting
 12695 | D:9      | Noticed Psyche
 12800 | D:9      | Killed Psyche
 12862 | D:9      | Reached XP level 10. HP: 54/54 MP: 11/24
 12954 | D:9      | Noticed a white ugly thing
 12965 | D:9      | Killed a white ugly thing
 12966 | D:9      | Reached skill level 9 in Spellcasting
 13191 | D:9      | Reached * piety under Cheibriados
 13627 | D:9      | Noticed a two-headed ogre
 13639 | D:9      | Slain by a two-headed ogre

Illustrated notes

Levels and vault maps discovered:
D:1:      minmay_arrival_hallway, layout_basic
D:2:      layout_basic, hellmonk_ecumenical_altar_blasted, serial_rivers,
          chequers_serial_rivers_micro_d, chequers_serial_rivers_room_a,
          chequers_serial_rivers_marsh, chequers_serial_rivers_micro_a,
          chequers_serial_rivers_micro_d, chequers_serial_rivers_micro_a,
          uniq_robin
D:3:      layout_basic, vehumet_crystals,
          mainiacjoe_overflow_concentric_impassable, dancing_weapons_uskayaw,
          grunt_ministairs_6, kennysheep_nondescript
D:4:      layout_basic, nicolae_shop_i_like_big_books
D:5:      layout_rooms, nicolae_gozag_cash_rules_everything_around_me,
          uniq_edmund
D:6:      layout_gridville, nicolae_overflow_hidden_temple, uniq_menkaure
D:7:      layout_loops_ring, lemuel_crystal_altar,
          minmay_temple_entry_statues_fountains, enter_bailey_6,
          minmay_misc_feat_tower
D:8:      layout_cave_pods, serial_rivers, chequers_serial_rivers_micro_d,
          chequers_serial_rivers_micro_d, chequers_serial_rivers_micro_e,
          chequers_serial_rivers_large_a
D:9:      layout_cave_pools, mainiacjoe_overflow_six_doors_small, uniq_psyche
Temple:   bh_familiar_temple

Skill      XL: |  1  2  3  4  5  6  7  8  9 10 |
---------------+-------------------------------+-----
Conjurations   | 2 3 4 5 |  5.9
Spellcasting   | 4 5 6 7 8 9 |  9.5
Fire Magic     | 4 5 6 7 8 |  8.2
Ice Magic      | 3 |  3.6
Ranged Weapons | 2 3 4 |  4.4
Fighting       | 1 2 |  2.7
Dodging        | 3 5 |  5.2
Shields        | 1 3 |  3.0
Translocations | 4 |  4.0
Evocations     | 2 |  2.0
Invocations    | 3 4 |  4.2
Stealth        | |  2.4

Action                     |  1- 3 |  4- 6 |  7- 9 | 10-12 || total
---------------------------+-------+-------+-------+-------++-------
  Melee: Short sword       |     7 |     1 |       |       ||     8
   Fire: Sling             |       |    87 |   206 |    23 ||   316
   Cast: Foxfire           |    50 |    14 |     6 |     5 ||    75
         Scorch            |    13 |    32 |    96 |    18 ||   159
         Frozen Ramparts   |       |     9 |    17 |     5 ||    31
         Hailstorm         |       |       |     8 |     1 ||     9
         Flame Wave        |       |       |       |     1 ||     1
  Evoke: Wand              |       |       |     5 |     1 ||     6
    Use: Scroll            |     3 |    12 |     9 |       ||    24
         Potion            |       |       |     4 |     2 ||     6
 Armour: Robe              |    10 |    13 |    51 |    13 ||    87
  Dodge: Dodged            |    29 |    23 |   116 |    24 ||   192
  Block: Buckler           |       |       |    27 |    14 ||    41

Table legend: (Time is in decaauts)
 A = Elapsed time spent in this place.
 B = Non-inter-level travel time spent in this place.
 C = Inter-level travel time spent in this place.
 D = Time resting spent in this place.
 E = Time spent auto-exploring this place.
 F = Levels seen in this place.
 G = Mean time per level.
                   A        B        C        D        E       F      G
               +--------+--------+--------+--------+--------+-----+--------+
         Total |  13996 |  13383 |    613 |   5715 |   6045 |  11 | 1272.4 |
       Dungeon |  13293 |  12711 |    582 |   5432 |   5812 |   9 | 1477.0 |
        Temple |    206 |    176 |     30 |      0 |    173 |   1 |  206.0 |
        Bailey |    496 |    496 |      0 |    282 |     60 |   1 |  496.0 |
               +--------+--------+--------+--------+--------+-----+--------+

Top non-repeatable levels by time:
     D:5: 2152 daAuts
     D:1: 1862 daAuts
     D:8: 1849 daAuts
     D:4: 1575 daAuts
     D:6: 1574 daAuts
     D:3: 1251 daAuts
     D:2: 1171 daAuts
     D:9: 1115 daAuts
     D:7: 740 daAuts
  Bailey: 496 daAuts
  Temple: 206 daAuts
